 Dungeon Crawl Stone Soup version 0.27.1 (webtiles) character file.

Game seed: 18177915521476119379

12230 BOMJPIETVODKU the Thaumaturge (level 11, 0/83 HPs)
             Began as a Gnoll Earth Elementalist on Aug 29, 2021.
             Was an Elder of Cheibriados.
             Slain by a salamander mystic (16 damage)
             ... on level 10 of the Dungeon.
             The game lasted 00:27:43 (10724 turns).

BOMJPIETVODKU the Thaumaturge (GnEE)               Turns: 10724, Time: 00:27:43

Health: 0/83       AC: 13    Str: 17    XL:     11   Next: 90%
Magic:  9/23       EV: 21    Int: 30    God:    Cheibriados [****..]
Gold:   504        SH:  5    Dex: 21    Spells: 21/27 levels left

rFire    . . .     SeeInvis .   e - +3 short sword (venom)
rCold    . . .     Faith    .   (no shield)
rNeg     . . .     Spirit   .   u - +0 troll leather armour
rPois    .         Reflect  +   I - +1 hat {Int+3}
rElec    .         Harm     .   m - +2 cloak
rCorr    .         Rampage  .   (no gloves)
Will     .....                  (no boots)
Stlth    ++++......             k - amulet of reflection
HPRegen  1.23/turn              f - +4 ring of protection
MPRegen  0.18/turn              z - +4 ring of evasion

@: very slow
A: fangs 1, strong nose, distributed training
a: Renounce Religion, Bend Time, Temporal Distortion, Slouch


You were on level 10 of the Dungeon.
You worshipped Cheibriados.
Cheibriados was greatly pleased with you.
You visited 2 branches of the dungeon, and saw 11 of its levels.

You collected 504 gold pieces.

Inventory:

Hand Weapons
 e - a +3 short sword of venom (weapon)
 K - a +3 antimagic spear
Missiles
 c - 166 stones
 o - 4 javelins
 p - 24 poisoned darts
 B - a curare-tipped dart
Armour
 b - a +2 helmet
 d - a +2 cloak of willpower
 m - a +2 cloak (worn)
 q - a +2 robe of fire resistance
 u - a +0 troll leather armour (worn)
 I - a +1 hat of intelligence (worn)
Jewellery
 f - a +4 ring of protection (left hand)
 k - an amulet of reflection (around neck)
 t - a ring of fire
 z - a +4 ring of evasion (right hand)
 F - a +4 ring of evasion
Wands
 l - a wand of flame (16)
 s - a wand of acid (14)
 x - a wand of paralysis (6)
 J - a wand of polymorph (9)
Scrolls
 r - 2 scrolls of blinking
 v - a scroll of amnesia
 w - a scroll of enchant weapon
 y - 4 scrolls of magic mapping
 A - 3 scrolls of identify
 C - a scroll of fog
 E - a scroll of teleportation
Potions
 a - 4 potions of flight
 g - 6 potions of curing
 h - a potion of heal wounds
 i - 3 potions of magic
 j - 2 potions of brilliance {unknown}
 n - a potion of berserk rage {unknown}
 D - a potion of experience {unknown}
 G - a potion of haste {unknown}
 H - a potion of lignification {unknown}
 L - a potion of attraction {unknown}


   Skills:
 + Level 6.7 Fighting
 + Level 6.7 Short Blades
 + Level 6.7 Long Blades
 + Level 6.7 Axes
 + Level 6.7 Maces & Flails
 + Level 6.7 Polearms
 + Level 6.7 Staves
 + Level 6.7 Slings
 + Level 6.7 Bows
 + Level 6.7 Crossbows
 + Level 6.7 Throwing
 + Level 6.7 Armour
 + Level 8.2 Dodging
 + Level 8.0 Stealth
 + Level 6.7 Shields
 + Level 6.7 Unarmed Combat
 + Level 8.5 Spellcasting
 + Level 5.5 Conjurations
 + Level 5.5 Hexes
 + Level 5.5 Summonings
 + Level 5.5 Necromancy
 + Level 5.5 Translocations
 + Level 6.0 Transmutations
 + Level 5.5 Fire Magic
 + Level 5.5 Ice Magic
 + Level 5.5 Air Magic
 + Level 7.9 Earth Magic
 + Level 5.5 Poison Magic
 + Level 7.4 Invocations
 + Level 6.7 Evocations


You had 21 spell levels left.
You knew the following spells:

 Your Spells              Type           Power      Damage    Failure   Level
a - Sandblast             Erth           100%       2d20      1%          1
b - Passwall              Tmut/Erth      44%        N/A       1%          2
c - Stone Arrow           Conj/Erth      100%       3d13      1%          3

Your spell library contained the following spells:

 Spells                   Type           Power      Damage    Failure   Level
 Ozocubu's Armour         Ice            46%        N/A       1%          3
 Petrify                  Tmut/Erth      53%        N/A       2%          4
 Bolt of Magma            Conj/Fire/Erth 25%        4d12      10%         5
 Metabolic Englaciation   Hex/Ice        23%        N/A       14%         5
 Dispersal                Tloc           23%        N/A       58%         6
 Simulacrum               Ice/Necr       23%        N/A       58%         6
 Ozocubu's Refrigeration  Ice            23%        4d9       99%         7
 Disjunction              Tloc           23%        N/A       100%        8
 Shatter                  Erth           28%        3d24*     100%        9


Dungeon Overview and Level Annotations

Branches:
Dungeon (10/15)            Temple (1/1) D:4            Lair (0/6) D:10
    Orc: D:9-12

Altars:
Ashenzari
Cheibriados
Dithmenos
Elyvilon
Fedhas
Gozag
Hepliaklqana
Kikubaaqudgha
Makhleb
Nemelex Xobeh
Okawaru
Qazlal
Ru
Sif Muna
Trog
Uskayaw
Vehumet
Wu Jian
Xom
Yredelemnul
Zin
The Shining One

Shops:
D:1 (   D:4 *


Innate Abilities, Weirdness & Mutations

You have very sharp teeth.
Your uncanny sense of smell can sniff out nearby items.
Your experience applies equally to all skills.


Message History

Aiming: Stone Arrow (safe; 1% risk of failure)
Press: ? - help, Shift-Dir - straight line, f/p - salamander mystic
Aim: a salamander mystic, wielding a +0 quarterstaff of speed and wearing a +0 robe (lava, severely wounded, 87% to hit)
The stone arrow misses the salamander mystic.
The salamander mystic gestures at the salamander while chanting.
The salamander seems to speed up.
Casting: Stone Arrow (safe; 1% risk of failure)
Confirm with . or Enter, or press ? or * to list all spells.
Aiming: Stone Arrow (safe; 1% risk of failure)
Press: ? - help, Shift-Dir - straight line, f/p - salamander mystic
Aim: a salamander mystic, wielding a +0 quarterstaff of speed and wearing a +0 robe (lava, severely wounded, 87% to hit)
The stone arrow misses the salamander mystic.
The salamander mystic hits you with a +0 quarterstaff of speed!
You are engulfed in flames!
The salamander completely misses you.
The salamander mystic closely misses you.
Casting: Stone Arrow (safe; 1% risk of failure)
Confirm with . or Enter, or press ? or * to list all spells.
Aiming: Stone Arrow (safe; 1% risk of failure)
Press: ? - help, Shift-Dir - straight line, f/p - salamander mystic
Aim: a salamander mystic, wielding a +0 quarterstaff of speed and wearing a +0 robe (lava, severely wounded, 87% to hit)
The stone arrow hits the salamander mystic!!
The salamander mystic is almost dead.
The salamander barely misses you.
The salamander mystic hits you with a +0 quarterstaff of speed.
You are engulfed in flames!
You feel much better.
The salamander hits you from afar with a +3 glaive!!
You are engulfed in flames!
* * * LOW HITPOINT WARNING * * *
The salamander mystic hits you but does no damage.
The salamander completely misses you.
You feel better.
You block the salamander mystic's attack.
The salamander hits you from afar with a +3 glaive.
You are engulfed in flames!
* * * LOW HITPOINT WARNING * * *
The salamander mystic hits you with a +0 quarterstaff of speed.
* * * LOW HITPOINT WARNING * * *
You are engulfed in flames!
You die...

#.# #.# #.###.######
#..........#
#############.####.#
#8[.)...#.....# #.#
#≈......####### #.#
#≈....N.# #####†#
#8≈≈≈8..# #.....#
#####N@.# #.#####
#8≈§§8§.# #.# #≈.§....#
#.# #≈......# #.#
#≈......# #.# #≈)######
#.# #≈.8≈≈≈8### #.#
#§..)...'.####.#######.
#≈..)...'..............


You could see a salamander mystic and a salamander (fast).

Vanquished Creatures
  Gastronok (D:9)
  3 two-headed ogres
  Pikel (D:9)
  An orc knight (D:10)
  4 salamanders (D:10)
  3 centaur zombies
  A kobold demonologist (D:9)
  A komodo dragon (D:8)
  2 trolls
  Prince Ribbit (D:5)
  A shadow (D:9)
  Sigmund (D:5)
  2 wyverns (D:9)
  4 yaks (D:10)
  3 water moccasins (D:8)
  5 orc warriors
  An ice beast (D:7)
  2 black bears
  3 ogres
  A necrophage (D:6)
  3 centaurs
  A lemure (D:9)
  2 kobold brigands
  3 bullfrogs
  A scorpion (D:4)
  A gnoll sergeant (D:9)
  A wyvern skeleton (D:6)
  2 water moccasin skeletons (D:5)
  3 killer bees (D:9)
  3 wights (D:8)
  3 howler monkeys (D:9)
  4 jellies
  A bullfrog skeleton (D:6)
  2 orc priests (D:6)
  2 centaur skeletons
  Crazy Yiuf (D:5)
  Natasha (twice) (D:3)
  5 iguanas
  10 orc wizards
  5 gnolls (D:9)
  4 adders
  2 shadow imps
  A white imp (D:6)
  An adder skeleton (D:4)
  A worm (D:3)
  2 dart slugs (D:2)
  28 orcs
  5 bats
  4 endoplasms
  4 giant cockroaches
  6 goblins
  9 hobgoblins
  7 jackals
  2 quokkas (D:1)
  5 ball pythons
  14 frilled lizards
  13 kobolds
  3 rats
207 creatures vanquished.

Vanquished Creatures (others)
  11 fungi (D:9)
  11 plants
22 creatures vanquished.

Grand Total: 229 creatures vanquished

Notes
Turn   | Place    | Note
-------+----------+-------------------------------------------
     0 | D:1      | BOMJPIETVODKU the Gnoll Earth Elementalist began the quest
                  | for the Orb.
     0 | D:1      | Reached XP level 1. HP: 13/13 MP: 6/6
   265 | D:1      | Reached XP level 2. HP: 8/19 MP: 5/7
   619 | D:1      | Learned a level 2 spell: Passwall
  1229 | D:1      | Reached XP level 3. HP: 25/25 MP: 9/9
  1248 | D:1      | Found Qewk's Antique Weapon Shop.
  1294 | D:1      | Reached skill level 5 in Spellcasting
  1789 | D:2      | Reached skill level 1 in Invocations
  2090 | D:2      | Reached skill level 1 in Fighting
  2090 | D:2      | Reached skill level 1 in Short Blades
  2090 | D:2      | Reached skill level 1 in Long Blades
  2090 | D:2      | Reached skill level 1 in Axes
  2090 | D:2      | Reached skill level 1 in Maces & Flails
  2090 | D:2      | Reached skill level 1 in Polearms
  2090 | D:2      | Reached skill level 1 in Staves
  2090 | D:2      | Reached skill level 1 in Slings
  2090 | D:2      | Reached skill level 1 in Bows
  2090 | D:2      | Reached skill level 1 in Crossbows
  2090 | D:2      | Reached skill level 1 in Throwing
  2090 | D:2      | Reached skill level 1 in Armour
  2090 | D:2      | Reached skill level 1 in Shields
  2090 | D:2      | Reached skill level 1 in Unarmed Combat
  2090 | D:2      | Reached skill level 1 in Evocations
  2090 | D:2      | Reached XP level 4. HP: 16/32 MP: 11/11
  3151 | D:3      | Reached skill level 1 in Conjurations
  3151 | D:3      | Reached skill level 1 in Hexes
  3151 | D:3      | Reached skill level 1 in Summonings
  3151 | D:3      | Reached skill level 1 in Necromancy
  3151 | D:3      | Reached skill level 1 in Translocations
  3151 | D:3      | Reached skill level 1 in Fire Magic
  3151 | D:3      | Reached skill level 1 in Ice Magic
  3151 | D:3      | Reached skill level 1 in Air Magic
  3151 | D:3      | Reached skill level 1 in Poison Magic
  3167 | D:3      | Found a glowing golden altar of the Shining One.
  3194 | D:3      | Noticed Natasha
  3198 | D:3      | Killed Natasha
  3213 | D:3      | Reached XP level 5. HP: 37/37 MP: 12/12
  3614 | D:3      | Found a sacrificial altar of Ru.
  3736 | D:3      | Noticed Natasha
  3745 | D:3      | Killed Natasha
  3979 | D:4      | Noticed an ogre
  3980 | D:4      | Found a stormy altar of Qazlal.
  3987 | D:4      | Killed an ogre
  3988 | D:4      | Reached XP level 6. HP: 44/44 MP: 10/14
  4061 | D:4      | Reached skill level 5 in Dodging
  4101 | D:4      | Found a staircase to the Ecumenical Temple.
  4122 | Temple   | Entered the Ecumenical Temple
  4425 | D:4      | Found Tuicrasa's Tempting Trifles.
  4503 | D:4      | Found a basalt altar of Yredelemnul.
  4503 | D:4      | Noticed a black bear
  4510 | D:4      | Killed a black bear
  4511 | D:4      | Reached XP level 7. HP: 50/50 MP: 10/15
  4517 | D:4      | Learned a level 3 spell: Stone Arrow
  4757 | D:4      | Found a shimmering blue altar of Sif Muna.
  4886 | D:5      | Entered Level 5 of the Dungeon
  4888 | D:5      | Found a snail-covered altar of Cheibriados.
  4892 | D:5      | Became a worshipper of Cheibriados the Contemplative
  4928 | D:5      | Noticed Sigmund
  4932 | D:5      | Killed Sigmund
  4933 | D:5      | Reached skill level 5 in Stealth
  5350 | D:5      | Noticed a troll
  5357 | D:5      | Killed a troll
  5358 | D:5      | Reached XP level 8. HP: 33/58 MP: 1/16
  5384 | D:5      | Noticed Prince Ribbit
  5541 | D:5      | Killed Prince Ribbit
  5849 | D:5      | Found a runed translucent door.
  5850 | D:5      | Noticed Crazy Yiuf
  5855 | D:5      | Killed Crazy Yiuf
  6351 | D:6      | Found a hazy altar of Hepliaklqana.
  6398 | D:6      | Reached XP level 9. HP: 65/65 MP: 14/18
  6656 | D:6      | Found a hide-covered altar of Uskayaw.
  6656 | D:6      | Found a bloodstained altar of Trog.
  6657 | D:6      | Found an ornate altar of the Wu Jian Council.
  6672 | D:6      | Found an ancient bone altar of Kikubaaqudgha.
  6972 | D:7      | Reached * piety under Cheibriados
  7663 | D:8      | Reached skill level 5 in Invocations
  7847 | D:8      | Noticed a two-headed ogre
  7854 | D:8      | Killed a two-headed ogre
  7855 | D:8      | Reached skill level 5 in Fighting
  7855 | D:8      | Reached skill level 5 in Short Blades
  7855 | D:8      | Reached skill level 5 in Long Blades
  7855 | D:8      | Reached skill level 5 in Axes
  7855 | D:8      | Reached skill level 5 in Maces & Flails
  7855 | D:8      | Reached skill level 5 in Polearms
  7855 | D:8      | Reached skill level 5 in Staves
  7855 | D:8      | Reached skill level 5 in Slings
  7855 | D:8      | Reached skill level 5 in Bows
  7855 | D:8      | Reached skill level 5 in Crossbows
  7855 | D:8      | Reached skill level 5 in Throwing
  7855 | D:8      | Reached skill level 5 in Armour
  7855 | D:8      | Reached skill level 5 in Shields
  7855 | D:8      | Reached skill level 5 in Unarmed Combat
  7855 | D:8      | Reached skill level 5 in Evocations
  7855 | D:8      | Reached XP level 10. HP: 60/74 MP: 2/20
  8091 | D:8      | Found a shimmering altar of Xom.
  8170 | D:8      | Reached ** piety under Cheibriados
  8667 | D:9      | Noticed Pikel
  8685 | D:9      | Killed Pikel
  8687 | D:9      | Reached skill level 5 in Transmutations
  8953 | D:9      | Noticed a two-headed ogre
  8961 | D:9      | Killed a two-headed ogre
  9221 | D:9      | Noticed Gastronok
  9238 | D:9      | Killed Gastronok
  9239 | D:9      | Reached skill level 5 in Conjurations
  9239 | D:9      | Reached skill level 5 in Hexes
  9239 | D:9      | Reached skill level 5 in Summonings
  9239 | D:9      | Reached skill level 5 in Necromancy
  9239 | D:9      | Reached skill level 5 in Translocations
  9239 | D:9      | Reached skill level 5 in Fire Magic
  9239 | D:9      | Reached skill level 5 in Ice Magic
  9239 | D:9      | Reached skill level 5 in Air Magic
  9239 | D:9      | Reached skill level 5 in Poison Magic
  9239 | D:9      | Reached XP level 11. HP: 72/81 MP: 1/22
  9368 | D:9      | Found a blossoming altar of Fedhas.
  9669 | D:9      | Noticed a two-headed ogre
  9678 | D:9      | Killed a two-headed ogre
  9687 | D:9      | Reached *** piety under Cheibriados
 10035 | D:10     | Entered Level 10 of the Dungeon
 10206 | D:10     | Noticed an orc knight
 10215 | D:10     | Killed an orc knight
 10243 | D:10     | Found a staircase to the Lair.
 10446 | D:10     | Noticed a salamander
 10446 | D:10     | Noticed a salamander
 10452 | D:10     | Killed a salamander
 10452 | D:10     | Reached **** piety under Cheibriados
 10456 | D:10     | Killed a salamander
 10570 | D:10     | Noticed a salamander
 10571 | D:10     | Noticed a salamander
 10584 | D:10     | Killed a salamander
 10598 | D:10     | Killed a salamander
 10714 | D:10     | Noticed a salamander
 10715 | D:10     | Noticed a salamander mystic
 10716 | D:10     | Found the +3 salamander hide armour {Flames rF++ rC--}
 10724 | D:10     | Slain by a salamander mystic

Illustrated notes

Levels and vault maps discovered:
D:1:      dpeg_cavernosity, layout_basic, serial_shops, shop,
          kennysheep_small_spiral, minmay_tetromino_i2
D:2:      wander_river, layout_basic
D:3:      layout_loops_cross, tso_metal_star,
          nicolae_ru_great_annihilating_truth, uniq_natasha
D:4:      layout_rooms, grunt_qazlal_clouds, yredelemnul_altar_generic,
          nicolae_overflow_hidden_temple, minmay_temple_entry_trees,
          nicolae_alphabet_shops
D:5:      layout_loops_ring, cheibriados_altar_1, uniq_sigmund,
          uniq_crazy_yiuf_cottage, uniq_prince_ribbit1
D:6:      layout_loops_ring, nzn_hepliaklqana_mist_gate,
          nicolae_overflow_quartered_altars
D:7:      layout_rooms, chequers_serial_rivers_micro_d,
          eino_small_chamber_without_monster
D:8:      layout_loops_cross, lemuel_doored_altar, minmay_misc_feat_nine_boxes,
          st_stairs_6, minmay_lizard_king
D:9:      layout_loops_ring, fedhas_altar_3, uniq_pikel, uniq_gastronok
D:10:     layout_loops_ring, lair_entry_dummy,
          hellmonk_guarded_unrand_salamander
Temple:   nicolae_temple_figure_zero

Skill      XL: |  1  2  3  4  5  6  7  8  9 10 11 |
---------------+----------------------------------+-----
Transmutations | 2 3 4 5 6 |  6.0
Spellcasting   | 5 6 7 8 |  8.5
Invocations    | 1 2 3 4 5 6 7 |  7.4
Fighting       | 1 2 3 5 6 |  6.7
Short Blades   | 1 2 3 5 6 |  6.7
Long Blades    | 1 2 3 5 6 |  6.7
Axes           | 1 2 3 5 6 |  6.7
Maces & Flails | 1 2 3 5 6 |  6.7
Polearms       | 1 2 3 5 6 |  6.7
Staves         | 1 2 3 5 6 |  6.7
Slings         | 1 2 3 5 6 |  6.7
Bows           | 1 2 3 5 6 |  6.7
Crossbows      | 1 2 3 5 6 |  6.7
Throwing       | 1 2 3 5 6 |  6.7
Armour         | 1 2 3 5 6 |  6.7
Shields        | 1 2 3 5 6 |  6.7
Unarmed Combat | 1 2 3 5 6 |  6.7
Evocations     | 1 2 3 5 6 |  6.7
Conjurations   | 1 2 3 4 5 |  5.5
Hexes          | 1 2 3 4 5 |  5.5
Summonings     | 1 2 3 4 5 |  5.5
Necromancy     | 1 2 3 4 5 |  5.5
Translocations | 1 2 3 4 5 |  5.5
Fire Magic     | 1 2 3 4 5 |  5.5
Ice Magic      | 1 2 3 4 5 |  5.5
Air Magic      | 1 2 3 4 5 |  5.5
Poison Magic   | 1 2 3 4 5 |  5.5
Dodging        | 5 6 7 8 |  8.2
Stealth        | 5 6 7 8 |  8.0
Earth Magic    | 6 7 |  7.9

Action                   |  1- 3 |  4- 6 |  7- 9 | 10-12 || total
-------------------------+-------+-------+-------+-------++-------
Melee: Unarmed           |    14 |       |    12 |       ||    26
       Bite              |     3 |     3 |    11 |    32 ||    49
       Short sword       |    58 |    73 |    94 |   248 ||   473
       Punch             |       |       |     1 |     9 ||    10
 Cast: Sandblast         |    15 |    26 |    74 |    58 ||   173
       Passwall          |     4 |       |       |       ||     4
       Stone Arrow       |       |       |    33 |    62 ||    95
Invok: Bend Time         |       |       |     2 |       ||     2
  Use: Potion            |     1 |       |       |     2 ||     3
       Scroll            |       |     5 |     8 |     3 ||    16
 Stab: Sleeping          |    10 |    10 |     2 |     1 ||    23
Armor: Robe              |    10 |    14 |    10 |       ||    34
       Troll leather arm |       |       |    39 |    64 ||   103
Dodge: Dodged            |    43 |    36 |    88 |   250 ||   417
Block: Other             |       |    14 |    29 |    59 ||   102
       Reflection        |       |       |     2 |     1 ||     3
